Blue Jackets vs Devils

Created - 14 janvier 2022 at 15:51

Goals
1 2 3 T
Blue Jackets 3 0 1 4
Devils 4 1 0 5
Shots
1 2 3 T
Blue Jackets 17 10 6 33
Devils 9 9 10 28

GoalsPenalties
1st period
1. Blue Jackets , Matt Martin 2 (Mathieu Joseph 3, Steven Lorentz 5) at 2:28
2. Devils , Tyler Johnson 8 (Jason Spezza 14, Andreas Johnsson 23) at 3:54 (PP)
3. Blue Jackets , Matt Dumba 6 (Steven Lorentz 6) at 5:14
4. Blue Jackets , Ryan O'Reilly 22 (Chris Kreider 18, Matt Dumba 22) at 6:13 (PP)
5. Devils , Nicolas Roy 7 (Mason Appleton 4, Mattias Janmark 4) at 6:31
6. Devils , Matt Grzelcyk 10 (Mattias Janmark 5, Charlie McAvoy 27) at 13:18
7. Devils , Tyler Johnson 9 (Jason Spezza 15) at 15:34
Matt Martin (CLB) for Hooking (Minor) at 2:31
Charlie McAvoy (NJD) for Holding (Minor) at 6:07
Tim Stutzle (NJD) for Holding (Minor) at 7:15
Erik Cernak (CLB) for Hooking (Minor) at 9:26
2nd period
8. Devils , Tyler Johnson 10 (Jason Spezza 16, Charlie McAvoy 28) at 15:00 (PP)
Blake Wheeler (NJD) for Fighting (Major) at 0:15
Erik Cernak (CLB) for Fighting (Major) at 0:15
Matt Dumba (CLB) for Hooking (Minor) at 12:06
Chris Kreider (CLB) for Roughing (Minor) at 14:08
Steven Stamkos (CLB) for Holding (Minor) at 16:30
3rd period
9. Blue Jackets , Steven Stamkos 28 (Ryan McDonagh 24) at 1:31 (PP)
Colin Miller (NJD) for Delaying the game (Minor) at 0:23
Charlie McAvoy (NJD) for Holding Stick (Minor) at 1:15
David Savard (CLB) for Roughing (Minor) at 13:01
Nikita Zaitsev (CLB) for Hooking (Minor) at 18:05
Goalie Stats
Chris Driedger (CLB), 12 saves from 12 shots - (1,000), 25:00 minutes
John Gibson (CLB), 11 saves from 16 shots - (0,688), L, 17-13-3, 35:00 minutes
Braden Holtby (NJD), 29 saves from 33 shots - (0,879), W, 7-6-2, 60:00 minutes
3 StarsOfficial
1 - Tyler Johnson (NJD)
2 - Jason Spezza (NJD)
3 - Matt Dumba (CLB)
Referees : Dan O'Halloran and Kevin Pollock
Linesman : Tim Nowak and Mark Wheler
Game Note
Blake Wheeler and Erik Cernak fight to a draw at 0:15 of 2nd period
Tyler Johnson has scored a Hat Trick!
Chris Driedger enters game at 15:00 of 2nd period



Team Name Goals Shots Shots Attemp Shots Blocked PIM HIT PP PK FO%
Blue Jackets 433741119252 / 4 (50%)243%
Devils 52872713262 / 7 (29%)257%

Blue Jackets
Player Name POS G A P +/- PIM HIT SHT SB MP PP MP PP SHT PK MP PK SHT FO% FOT
Anthony CirelliC000-1024117:352:4700:00040% 10
Artturi LehkonenLW/RW0000010014:370:0005:49033% 3
Cedric PaquetteC/RW0000022114:370:0005:49043% 23
Chris KreiderLW/RW011-1233016:562:0910:00050% 2
David SavardD0000261215:480:0002:0810% 0
Erik CernakD0000740018:160:0004:5900% 0
Jake DeBruskLW/RW000-1000017:352:4700:00050% 2
Joel ArmiaRW000000109:020:0000:1400% 0
Mathieu JosephRW011100004:520:0000:0000% 0
Matt DumbaD112-1242323:012:2005:1600% 0
Matt MartinLW/RW101121214:510:0000:0000% 0
Mike MathesonD0000002016:022:3610:0100% 0
Nikita ZaitsevD0000211121:572:3614:5000% 0
Oliver BjorkstrandLW/RW000-1002123:202:4706:02033% 3
Ryan McDonaghD011-1001124:512:2006:5600% 0
Ryan O'ReillyC101-1008016:402:0910:00050% 26
Steven LorentzC/LW0221000011:080:0006:16031% 16
Steven StamkosC/LW/RW101-1214016:392:0910:000100% 1
Devils
Player Name POS G A P +/- PIM HIT SHT SB MP PP MP PP SHT PK MP PK SHT FO% FOT
Andreas JohnssonLW/RW0111001018:185:4700:00025% 4
Blake WheelerC/RW0000501011:330:0000:00044% 16
Charlie McAvoyD0221450125:356:5401:1400% 0
Colin MillerD000-1240116:090:0001:4700% 0
Dryden HuntLW000-102006:450:0000:000100% 1
Jason SpezzaC/RW0331002017:035:4710:00064% 22
Jimmy VeseyLW/RW000-100009:030:0002:18033% 6
Johnny BoychukD0001022118:535:1122:3400% 0
Josh MorrisseyD000-1022222:216:5420:0000% 0
Juho LammikkoC000-101106:450:0000:0000% 0
Mason AppletonC/LW/RW0111001012:090:0000:000100% 1
Matt GrzelcykD1011003023:175:1121:4200% 0
Mattias JanmarkC/LW/RW0221004020:496:1812:22056% 9
Nicolas RoyC1011002014:430:0002:34068% 25
Rickard RakellC/LW/RW0000051021:296:1802:220100% 1
Tim StutzleLW0000203019:066:1820:0000% 0
Travis DermottD0001010113:420:0002:3400% 0
Tyler JohnsonC/LW/RW3031045117:035:4720:0000% 1

Blue Jackets

5 vs 5 Forward
Line #Left WingCenterRight WingPHYDFOFWanted %Time %Time Play
1Oliver BjorkstrandRyan O'ReillySteven Stamkos0323734%14:31
2Jake DeBruskAnthony CirelliChris Kreider0323334%14:48
3Joel ArmiaCedric PaquetteArtturi Lehkonen0232020%8:48
4Matt MartinSteven LorentzMathieu Joseph0231011%4:52
5 vs 5 Defense
Line #DefenseDefensePHYDFOFWanted %Time %Time Play
1Ryan McDonaghMatt Dumba0324035%15:02
2Erik CernakNikita Zaitsev0323835%15:08
3Mike MathesonDavid Savard0412228%12:09
4David SavardNikita Zaitsev12202%0:40
Power Play Forward
Line #Left WingCenterRight WingPHYDFOFWanted %Time %Time Play
1Chris KreiderRyan O'ReillySteven Stamkos0056044%2:09
2Oliver BjorkstrandAnthony CirelliJake DeBrusk0054056%2:47
Power Play Defense
Line #DefenseDefensePHYDFOFWanted %Time %Time Play
1Ryan McDonaghMatt Dumba0325047%2:20
2Nikita ZaitsevMike Matheson0325053%2:36
Penalty Kill 4 Players Forward
Line #CenterWingPHYDFOFWanted %Time %Time Play
1Cedric PaquetteArtturi Lehkonen0505048%5:49
2Steven LorentzOliver Bjorkstrand0505052%6:16
Penalty Kill 4 Players Defense
Line #DefenseDefensePHYDFOFWanted %Time %Time Play
1Ryan McDonaghMatt Dumba1405041%4:59
2Nikita ZaitsevErik Cernak1405059%7:06
Penalty Kill 3 Players
Line #WingPHYDFOFWanted %Time %Time PlayDefenseDefensePHYDFOFWanted %Time %Time Play
1Cedric Paquette050500%0:00 Ryan McDonaghDavid Savard050500%0:00
2Anthony Cirelli050500%0:00 Matt DumbaMike Matheson050500%0:00
4 vs 4 Forward
Line #CenterWingPHYDFOFWanted %Time %Time Play
1Ryan O'ReillyMathieu Joseph023500%0:00
2Anthony CirelliOliver Bjorkstrand023500%0:00
4 vs 4 Defense
Line #DefensePHYDFOFWanted %Time %Time Play
1Ryan McDonaghMike Matheson131500%0:00
2Matt DumbaErik Cernak131500%0:00
Last Minutes Offensive
Left WingCenterRight WingDefenseDefense
Chris KreiderRyan O'ReillySteven StamkosRyan McDonaghMatt Dumba
Last Minutes Defensive
Left WingCenterRight WingDefenseDefense
Artturi LehkonenAnthony CirelliJoel ArmiaRyan McDonaghDavid Savard
Time
Total ForwardTotal DefenseLast Minutes OffensiveLast Minutes Defensive
60:00 60:00 0:000:00
Extra Forwards
Normal PowerPlayPenalty Kill
Mathieu Joseph, Steven Stamkos, Oliver BjorkstrandMathieu Joseph, Steven StamkosJoel Armia
Extra Defensemen
Normal PowerPlayPenalty Kill
David Savard, Erik Cernak, Matt DumbaNikita Zaitsev, Ryan McDonaghMatt Dumba
Penalty Shots
Ryan O'Reilly, Anthony Cirelli, Steven Stamkos, Chris Kreider, Mathieu Joseph
Goalie
John Gibson, Chris Driedger
Custom OT Lines Forwards
Steven Stamkos, Mathieu Joseph, Anthony Cirelli, Chris Kreider, Ryan O'Reilly, Jake DeBrusk, Oliver Bjorkstrand, Joel Armia, Matt Martin, Steven Lorentz
Custom OT Lines Defensemen
Ryan McDonagh, David Savard, Mike Matheson, Erik Cernak, Nikita Zaitsev
Scratches
Brent Seabrook (Healthy), Sam Carrick (Healthy)

Devils

5 vs 5 Forward
Line #Left WingCenterRight WingPHYDFOFWanted %Time %Time Play
1Tim StutzleBlake WheelerRickard Rakell0143230%12:49
2Mattias JanmarkNicolas RoyMason Appleton1312928%12:09
3Andreas JohnssonJason SpezzaTyler Johnson0142926%11:16
4Juho LammikkoJimmy VeseyDryden Hunt1311016%6:45
5 vs 5 Defense
Line #DefenseDefensePHYDFOFWanted %Time %Time Play
1Charlie McAvoyMatt Grzelcyk1224238%16:24
2Josh MorrisseyColin Miller1223733%14:23
3Johnny BoychukTravis Dermott2302126%11:08
4Charlie McAvoyJosh Morrissey12202%1:04
Power Play Forward
Line #Left WingCenterRight WingPHYDFOFWanted %Time %Time Play
1Rickard RakellMattias JanmarkTim Stutzle0055952%6:18
2Tyler JohnsonJason SpezzaAndreas Johnsson0234148%5:47
Power Play Defense
Line #DefenseDefensePHYDFOFWanted %Time %Time Play
1Charlie McAvoyJosh Morrissey0145957%6:54
2Johnny BoychukMatt Grzelcyk1224143%5:11
Penalty Kill 4 Players Forward
Line #CenterWingPHYDFOFWanted %Time %Time Play
1Nicolas RoyJimmy Vesey1225049%2:18
2Rickard RakellMattias Janmark1225051%2:22
Penalty Kill 4 Players Defense
Line #DefenseDefensePHYDFOFWanted %Time %Time Play
1Charlie McAvoyTravis Dermott1225049%2:18
2Johnny BoychukColin Miller1225051%2:22
Penalty Kill 3 Players
Line #WingPHYDFOFWanted %Time %Time PlayDefenseDefensePHYDFOFWanted %Time %Time Play
1Nicolas Roy12250100%0:16 Charlie McAvoyTravis Dermott12250100%0:16
2Mattias Janmark122500%0:00 Johnny BoychukColin Miller122500%0:00
4 vs 4 Forward
Line #CenterWingPHYDFOFWanted %Time %Time Play
1Mattias JanmarkRickard Rakell122500%0:00
2Nicolas RoyTim Stutzle122500%0:00
4 vs 4 Defense
Line #DefensePHYDFOFWanted %Time %Time Play
1Charlie McAvoyJosh Morrissey122500%0:00
2Johnny BoychukMatt Grzelcyk122500%0:00
Last Minutes Offensive
Left WingCenterRight WingDefenseDefense
Rickard RakellBlake WheelerTim StutzleCharlie McAvoyJosh Morrissey
Last Minutes Defensive
Left WingCenterRight WingDefenseDefense
Jimmy VeseyNicolas RoyMattias JanmarkCharlie McAvoyTravis Dermott
Time
Total ForwardTotal DefenseLast Minutes OffensiveLast Minutes Defensive
60:00 60:00 0:000:00
Extra Forwards
Normal PowerPlayPenalty Kill
Andreas Johnsson, Tyler Johnson, Mattias JanmarkAndreas Johnsson, Tyler JohnsonDryden Hunt
Extra Defensemen
Normal PowerPlayPenalty Kill
Travis Dermott, Matt Grzelcyk, Johnny BoychukTravis Dermott, Matt GrzelcykJohnny Boychuk
Penalty Shots
Nicolas Roy, Rickard Rakell, Tim Stutzle, Tyler Johnson, Mattias Janmark
Goalie
Braden Holtby, Alex Nedeljkovic
Custom OT Lines Forwards
Blake Wheeler, Rickard Rakell, Nicolas Roy, Tim Stutzle, Andreas Johnsson, Jason Spezza, Tyler Johnson, Mattias Janmark, Jimmy Vesey, Dryden Hunt
Custom OT Lines Defensemen
Charlie McAvoy, Josh Morrissey, Matt Grzelcyk, Colin Miller, Travis Dermott
Scratches
Kevin Stenlund (Healthy), Malcolm Subban (Healthy)


Play-by-Play

1st period


0:01 of 1st period - Ryan O'Reilly wins face-off versus Blake Wheeler in neutral zone.
0:28 of 1st period - Shot by Ryan O'Reilly.
0:28 of 1st period - Shot Misses the Net.
1:09 of 1st period - Nicolas Roy is hit by Erik Cernak.
1:11 of 1st period - Shot by Mattias Janmark.
1:11 of 1st period - Stopped by John Gibson without a rebound.
1:12 of 1st period - Cedric Paquette wins face-off versus Jason Spezza in Blue Jackets zone.
1:12 of 1st period - Cedric Paquette is hit by Tyler Johnson.
1:51 of 1st period - Shot by Cedric Paquette.
1:51 of 1st period - Stopped by Braden Holtby without a rebound.
1:52 of 1st period - Jimmy Vesey wins face-off versus Anthony Cirelli in Devils zone.
2:20 of 1st period - Josh Morrissey is hit by Chris Kreider and loses puck.
2:24 of 1st period - Icing by Colin Miller.
2:25 of 1st period - Steven Lorentz wins face-off versus Jimmy Vesey in Devils zone.
2:28 of 1st period - Shot by Mathieu Joseph.
2:28 of 1st period - Deflect By Matt Martin.
2:28 of 1st period - Goal by Matt Martin - Blue Jackets : 1 - Devils : 0.
2:29 of 1st period - Nicolas Roy wins face-off versus Steven Lorentz in neutral zone.
2:31 of 1st period - Minor Penalty to Matt Martin for Hooking.
2:32 of 1st period - Cedric Paquette wins face-off versus Mattias Janmark in Blue Jackets zone.
2:51 of 1st period - Nikita Zaitsev is hit by Rickard Rakell and loses puck.
3:16 of 1st period - Shot by Charlie McAvoy.
3:16 of 1st period - Shot Misses the Net.
3:52 of 1st period - Shot by Andreas Johnsson.
3:52 of 1st period - Deflect By Jason Spezza.
3:52 of 1st period - Shot Misses the Net.
3:54 of 1st period - Shot by Tyler Johnson.
3:54 of 1st period - Goal by Tyler Johnson - Blue Jackets : 1 - Devils : 1.
3:55 of 1st period - Dryden Hunt wins face-off versus Anthony Cirelli in neutral zone.
4:24 of 1st period - Shot by Mike Matheson.
4:24 of 1st period - Stopped by Braden Holtby with a rebound.
4:32 of 1st period - Shot by Anthony Cirelli.
4:32 of 1st period - Stopped by Braden Holtby without a rebound.
4:33 of 1st period - Ryan O'Reilly wins face-off versus Jason Spezza in Devils zone.
4:42 of 1st period - Shot by Steven Stamkos.
4:42 of 1st period - Deflect By Oliver Bjorkstrand.
4:42 of 1st period - Stopped by Braden Holtby with a rebound.
4:58 of 1st period - Shot by Ryan O'Reilly.
4:58 of 1st period - Shot Blocked by Charlie McAvoy.
5:00 of 1st period - Shot by Ryan O'Reilly.
5:00 of 1st period - Shot Misses the Net.
5:02 of 1st period - Shot by Nikita Zaitsev.
5:02 of 1st period - Shot Blocked by Tyler Johnson.
5:04 of 1st period - Shot by Nikita Zaitsev.
5:04 of 1st period - Shot Misses the Net.
5:06 of 1st period - Shot by Nikita Zaitsev.
5:06 of 1st period - Shot Misses the Net.
5:08 of 1st period - Shot by Oliver Bjorkstrand.
5:08 of 1st period - Shot Misses the Net.
5:10 of 1st period - Shot by Steven Stamkos.
5:10 of 1st period - Shot Misses the Net.
5:12 of 1st period - Shot by Ryan O'Reilly.
5:12 of 1st period - Stopped by Braden Holtby without a rebound.
5:13 of 1st period - Steven Lorentz wins face-off versus Nicolas Roy in Devils zone.
5:14 of 1st period - Shot by Matt Dumba.
5:14 of 1st period - Goal by Matt Dumba - Blue Jackets : 2 - Devils : 1.
5:15 of 1st period - Nicolas Roy wins face-off versus Cedric Paquette in neutral zone.
5:26 of 1st period - Shot by Matt Dumba.
5:26 of 1st period - Shot Misses the Net.
5:28 of 1st period - Shot by Joel Armia.
5:28 of 1st period - Stopped by Braden Holtby without a rebound.
5:29 of 1st period - Jake DeBrusk wins face-off versus Blake Wheeler in Devils zone.
5:29 of 1st period - Jake DeBrusk is hit by Johnny Boychuk.
5:56 of 1st period - Chris Kreider is hit by Johnny Boychuk and loses puck.
5:59 of 1st period - Shot by Anthony Cirelli.
5:59 of 1st period - Stopped by Braden Holtby without a rebound.
6:00 of 1st period - Ryan O'Reilly wins face-off versus Nicolas Roy in Devils zone.
6:01 of 1st period - Shot by Oliver Bjorkstrand.
6:01 of 1st period - Stopped by Braden Holtby without a rebound.
6:02 of 1st period - Nicolas Roy wins face-off versus Ryan O'Reilly in Devils zone.
6:07 of 1st period - Shot by Ryan O'Reilly.
6:07 of 1st period - Stopped by Braden Holtby without a rebound.
6:07 of 1st period - Minor Penalty to Charlie McAvoy for Holding.
6:08 of 1st period - Ryan O'Reilly wins face-off versus Nicolas Roy in Devils zone.
6:11 of 1st period - Shot by Chris Kreider.
6:11 of 1st period - Shot Misses the Net.
6:13 of 1st period - Shot by Ryan O'Reilly.
6:13 of 1st period - Goal by Ryan O'Reilly - Blue Jackets : 3 - Devils : 1.
6:14 of 1st period - Mason Appleton wins face-off versus Ryan O'Reilly in neutral zone.
6:27 of 1st period - Shot by Mattias Janmark.
6:27 of 1st period - Shot Misses the Net.
6:29 of 1st period - Shot by Mason Appleton.
6:29 of 1st period - Shot Misses the Net.
6:31 of 1st period - Shot by Nicolas Roy.
6:31 of 1st period - Goal by Nicolas Roy - Blue Jackets : 3 - Devils : 2.
6:32 of 1st period - Steven Lorentz wins face-off versus Blake Wheeler in neutral zone.
6:32 of 1st period - Steven Lorentz is hit by Rickard Rakell.
6:44 of 1st period - Shot by Erik Cernak.
6:44 of 1st period - Shot Misses the Net.
6:47 of 1st period - Icing by Charlie McAvoy.
6:48 of 1st period - Cedric Paquette wins face-off versus Blake Wheeler in Devils zone.
6:48 of 1st period - Cedric Paquette is hit by Charlie McAvoy.
7:15 of 1st period - Minor Penalty to Tim Stutzle for Holding.
7:16 of 1st period - Nicolas Roy wins face-off versus Ryan O'Reilly in Devils zone.
9:16 of 1st period - Matt Martin is hit by Tyler Johnson and loses puck.
9:25 of 1st period - Shot by Tyler Johnson.
9:25 of 1st period - Deflect By Jason Spezza.
9:25 of 1st period - Shot Misses the Net.
9:26 of 1st period - Minor Penalty to Erik Cernak for Hooking.
9:27 of 1st period - Cedric Paquette wins face-off versus Andreas Johnsson in Blue Jackets zone.
9:27 of 1st period - Cedric Paquette is hit by Tyler Johnson.
10:01 of 1st period - Shot by Tyler Johnson.
10:01 of 1st period - Shot Misses the Net.
10:03 of 1st period - Shot by Johnny Boychuk.
10:03 of 1st period - Shot Blocked by David Savard.
10:05 of 1st period - Shot by Matt Grzelcyk.
10:05 of 1st period - Stopped by John Gibson with a rebound.
10:19 of 1st period - Ryan McDonagh is hit by Rickard Rakell and loses puck.
10:30 of 1st period - Shot by Tim Stutzle.
10:30 of 1st period - Stopped by John Gibson without a rebound.
10:31 of 1st period - Mattias Janmark wins face-off versus Cedric Paquette in Blue Jackets zone.
10:40 of 1st period - Shot by Tim Stutzle.
10:40 of 1st period - Stopped by John Gibson with a rebound.
10:42 of 1st period - Shot by Charlie McAvoy.
10:42 of 1st period - Shot Blocked by Cedric Paquette.
10:44 of 1st period - Shot by Charlie McAvoy.
10:44 of 1st period - Shot Misses the Net.
10:46 of 1st period - Shot by Charlie McAvoy.
10:46 of 1st period - Shot Blocked by Nikita Zaitsev.
10:48 of 1st period - Shot by Josh Morrissey.
10:48 of 1st period - Shot Blocked by Matt Dumba.
11:30 of 1st period - Erik Cernak is hit by Dryden Hunt and loses puck.
11:59 of 1st period - Jake DeBrusk is hit by Dryden Hunt.
12:03 of 1st period - Shot by Dryden Hunt.
12:03 of 1st period - Shot Misses the Net.
12:08 of 1st period - Off-side.
12:09 of 1st period - Steven Lorentz wins face-off versus Nicolas Roy in neutral zone.
12:26 of 1st period - Shot by Matt Dumba.
12:26 of 1st period - Stopped by Braden Holtby without a rebound.
12:27 of 1st period - Ryan O'Reilly wins face-off versus Tyler Johnson in Devils zone.
12:54 of 1st period - Shot by Steven Stamkos.
12:54 of 1st period - Shot Blocked by Johnny Boychuk.
12:56 of 1st period - Shot by Oliver Bjorkstrand.
12:56 of 1st period - Shot Misses the Net.
13:06 of 1st period - Shot by Steven Stamkos.
13:06 of 1st period - Stopped by Braden Holtby without a rebound.
13:07 of 1st period - Nicolas Roy wins face-off versus Anthony Cirelli in Devils zone.
13:18 of 1st period - Shot by Matt Grzelcyk.
13:18 of 1st period - Goal by Matt Grzelcyk - Blue Jackets : 3 - Devils : 3.
13:19 of 1st period - Blake Wheeler wins face-off versus Cedric Paquette in neutral zone.
13:33 of 1st period - Icing by Ryan McDonagh.
13:34 of 1st period - Nicolas Roy wins face-off versus Cedric Paquette in Blue Jackets zone.
14:25 of 1st period - Shot by Steven Stamkos.
14:25 of 1st period - Shot Misses the Net.
14:37 of 1st period - Ryan O'Reilly is hit by Charlie McAvoy and loses puck.
15:04 of 1st period - Shot by Steven Stamkos.
15:04 of 1st period - Shot Misses the Net.
15:32 of 1st period - Shot by Rickard Rakell.
15:32 of 1st period - Stopped by John Gibson without a rebound.
15:33 of 1st period - Jason Spezza wins face-off versus Steven Lorentz in Blue Jackets zone.
15:34 of 1st period - Shot by Tyler Johnson.
15:34 of 1st period - Goal by Tyler Johnson - Blue Jackets : 3 - Devils : 4.
15:35 of 1st period - Blake Wheeler wins face-off versus Steven Lorentz in neutral zone.
15:46 of 1st period - Mathieu Joseph is hit by Rickard Rakell and loses puck.
16:21 of 1st period - Icing by Rickard Rakell.
16:22 of 1st period - Ryan O'Reilly wins face-off versus Blake Wheeler in Devils zone.
16:23 of 1st period - Shot by Oliver Bjorkstrand.
16:23 of 1st period - Shot Misses the Net.
16:25 of 1st period - Shot by Erik Cernak.
16:25 of 1st period - Shot Blocked by Josh Morrissey.
16:27 of 1st period - Shot by Ryan O'Reilly.
16:27 of 1st period - Stopped by Braden Holtby without a rebound.
16:28 of 1st period - Jason Spezza wins face-off versus Ryan O'Reilly in Devils zone.
16:42 of 1st period - Icing by Nikita Zaitsev.
16:43 of 1st period - Steven Stamkos wins face-off versus Jimmy Vesey in Blue Jackets zone.
16:56 of 1st period - Shot by Steven Stamkos.
16:56 of 1st period - Shot Misses the Net.
17:14 of 1st period - Shot by Ryan O'Reilly.
17:14 of 1st period - Stopped by Braden Holtby without a rebound.
17:15 of 1st period - Anthony Cirelli wins face-off versus Jason Spezza in Devils zone.
17:53 of 1st period - Icing by Andreas Johnsson.
17:54 of 1st period - Jason Spezza wins face-off versus Ryan O'Reilly in Devils zone.
18:01 of 1st period - Shot by Oliver Bjorkstrand.
18:01 of 1st period - Shot Misses the Net.
18:20 of 1st period - Icing by David Savard.
18:21 of 1st period - Ryan O'Reilly wins face-off versus Blake Wheeler in Blue Jackets zone.
19:02 of 1st period - Shot by Jake DeBrusk.
19:02 of 1st period - Deflect By Chris Kreider.
19:02 of 1st period - Stopped by Braden Holtby without a rebound.
19:03 of 1st period - Nicolas Roy wins face-off versus Cedric Paquette in Devils zone.
19:15 of 1st period - Off-side.
19:16 of 1st period - Jason Spezza wins face-off versus Jake DeBrusk in neutral zone.
19:32 of 1st period - Icing by Charlie McAvoy.
19:33 of 1st period - Jason Spezza wins face-off versus Cedric Paquette in Devils zone.
19:33 of 1st period - Jason Spezza is hit by Cedric Paquette.
19:48 of 1st period - Icing by Artturi Lehkonen.
19:49 of 1st period - Nicolas Roy wins face-off versus Cedric Paquette in Blue Jackets zone.
Goals for this period are 3 for Blue Jackets vs 4 for Devils.
Shots for this period are 17 for Blue Jackets vs 9 for Devils.

2nd period


0:01 of 2nd period - Blake Wheeler wins face-off versus Anthony Cirelli in neutral zone.
0:12 of 2nd period - Shot by Tim Stutzle.
0:12 of 2nd period - Stopped by John Gibson with a rebound.
0:15 of 2nd period - Blake Wheeler and Erik Cernak fight to a draw.
0:15 of 2nd period - Penalty to Blake Wheeler for Fighting.
0:15 of 2nd period - Penalty to Erik Cernak for Fighting.
0:16 of 2nd period - Nicolas Roy wins face-off versus Ryan O'Reilly in Blue Jackets zone.
1:17 of 2nd period - Tim Stutzle is hit by Steven Stamkos and loses puck.
1:25 of 2nd period - Icing by Josh Morrissey.
1:26 of 2nd period - Anthony Cirelli wins face-off versus Andreas Johnsson in Devils zone.
1:27 of 2nd period - Shot by Chris Kreider.
1:27 of 2nd period - Shot Misses the Net.
1:42 of 2nd period - Shot by Anthony Cirelli.
1:42 of 2nd period - Shot Hit the Post.
1:44 of 2nd period - Shot by Nikita Zaitsev.
1:44 of 2nd period - Shot Misses the Net.
1:52 of 2nd period - Shot by Chris Kreider.
1:52 of 2nd period - Shot Misses the Net.
2:45 of 2nd period - Shot by Joel Armia.
2:45 of 2nd period - Shot Misses the Net.
2:47 of 2nd period - Shot by Cedric Paquette.
2:47 of 2nd period - Stopped by Braden Holtby without a rebound.
2:48 of 2nd period - Mattias Janmark wins face-off versus Steven Lorentz in Devils zone.
2:56 of 2nd period - Icing by Matt Martin.
2:57 of 2nd period - Nicolas Roy wins face-off versus Steven Lorentz in Blue Jackets zone.
3:11 of 2nd period - Shot by Matt Martin.
3:11 of 2nd period - Stopped by Braden Holtby without a rebound.
3:12 of 2nd period - Anthony Cirelli wins face-off versus Jimmy Vesey in Devils zone.
3:12 of 2nd period - Jake DeBrusk is hit by Travis Dermott and loses puck.
3:20 of 2nd period - Juho Lammikko is hit by David Savard and loses puck.
3:28 of 2nd period - Jimmy Vesey is hit by David Savard and loses puck.
3:33 of 2nd period - Shot by Dryden Hunt.
3:33 of 2nd period - Shot Misses the Net.
3:48 of 2nd period - Shot by Dryden Hunt.
3:48 of 2nd period - Shot Misses the Net.
3:50 of 2nd period - Shot by Jimmy Vesey.
3:50 of 2nd period - Shot Misses the Net.
4:19 of 2nd period - Shot by Jason Spezza.
4:19 of 2nd period - Shot Blocked by Anthony Cirelli.
4:21 of 2nd period - Shot by Charlie McAvoy.
4:21 of 2nd period - Shot Misses the Net.
4:23 of 2nd period - Shot by Tyler Johnson.
4:23 of 2nd period - Shot Misses the Net.
4:25 of 2nd period - Shot by Andreas Johnsson.
4:25 of 2nd period - Deflect By Tyler Johnson.
4:25 of 2nd period - Shot Misses the Net.
5:32 of 2nd period - Oliver Bjorkstrand is hit by Colin Miller and loses puck.
6:04 of 2nd period - Icing by Johnny Boychuk.
6:05 of 2nd period - Cedric Paquette wins face-off versus Blake Wheeler in Devils zone.
6:23 of 2nd period - Shot by Rickard Rakell.
6:23 of 2nd period - Shot Misses the Net.
6:31 of 2nd period - Shot by Blake Wheeler.
6:31 of 2nd period - Stopped by John Gibson without a rebound.
6:32 of 2nd period - Andreas Johnsson wins face-off versus Steven Lorentz in Blue Jackets zone.
6:45 of 2nd period - Shot by Matt Grzelcyk.
6:45 of 2nd period - Shot Blocked by Matt Martin.
6:53 of 2nd period - Shot by Charlie McAvoy.
6:53 of 2nd period - Deflect By Andreas Johnsson.
6:53 of 2nd period - Stopped by John Gibson with a rebound.
7:15 of 2nd period - Shot by Andreas Johnsson.
7:15 of 2nd period - Deflect By Jason Spezza.
7:15 of 2nd period - Stopped by John Gibson without a rebound.
7:16 of 2nd period - Blake Wheeler wins face-off versus Cedric Paquette in Blue Jackets zone.
7:42 of 2nd period - Matt Dumba is hit by Josh Morrissey and loses puck.
7:59 of 2nd period - Shot by Artturi Lehkonen.
7:59 of 2nd period - Shot Misses the Net.
8:06 of 2nd period - Icing by Colin Miller.
8:07 of 2nd period - Ryan O'Reilly wins face-off versus Blake Wheeler in Devils zone.
8:17 of 2nd period - Oliver Bjorkstrand is hit by Colin Miller and loses puck.
8:25 of 2nd period - Icing by Josh Morrissey.
8:26 of 2nd period - Blake Wheeler wins face-off versus Anthony Cirelli in Devils zone.
8:32 of 2nd period - Jake DeBrusk is hit by Josh Morrissey and loses puck.
9:03 of 2nd period - Shot by Anthony Cirelli.
9:03 of 2nd period - Shot Misses the Net.
9:05 of 2nd period - Shot by Anthony Cirelli.
9:05 of 2nd period - Stopped by Braden Holtby without a rebound.
9:06 of 2nd period - Ryan O'Reilly wins face-off versus Nicolas Roy in Devils zone.
9:11 of 2nd period - Shot by Steven Stamkos.
9:11 of 2nd period - Stopped by Braden Holtby with a rebound.
9:13 of 2nd period - Shot by Steven Stamkos.
9:13 of 2nd period - Shot Misses the Net.
9:15 of 2nd period - Shot by Ryan McDonagh.
9:15 of 2nd period - Stopped by Braden Holtby without a rebound.
9:16 of 2nd period - Ryan O'Reilly wins face-off versus Nicolas Roy in Devils zone.
9:18 of 2nd period - Steven Stamkos is hit by Charlie McAvoy and loses puck.
10:21 of 2nd period - Shot by Jake DeBrusk.
10:21 of 2nd period - Shot Misses the Net.
10:26 of 2nd period - Chris Kreider is hit by Charlie McAvoy and loses puck.
10:59 of 2nd period - Off-side.
11:00 of 2nd period - Cedric Paquette wins face-off versus Blake Wheeler in neutral zone.
11:15 of 2nd period - Shot by Rickard Rakell.
11:15 of 2nd period - Shot Blocked by David Savard.
11:35 of 2nd period - Shot by Blake Wheeler.
11:35 of 2nd period - Shot Misses the Net.
12:04 of 2nd period - Tyler Johnson is hit by Matt Dumba and loses puck.
12:06 of 2nd period - Minor Penalty to Matt Dumba for Hooking.
12:07 of 2nd period - Jason Spezza wins face-off versus Steven Lorentz in Blue Jackets zone.
12:26 of 2nd period - Shot by David Savard.
12:26 of 2nd period - Stopped by Braden Holtby without a rebound.
12:27 of 2nd period - Mattias Janmark wins face-off versus Steven Lorentz in Devils zone.
12:36 of 2nd period - Shot by Johnny Boychuk.
12:36 of 2nd period - Stopped by John Gibson without a rebound.
12:37 of 2nd period - Jason Spezza wins face-off versus Cedric Paquette in Blue Jackets zone.
13:00 of 2nd period - Shot by Tyler Johnson.
13:00 of 2nd period - Shot Blocked by Oliver Bjorkstrand.
13:10 of 2nd period - Shot by Josh Morrissey.
13:10 of 2nd period - Shot Misses the Net.
13:23 of 2nd period - Rickard Rakell is hit by Erik Cernak and loses puck.
13:43 of 2nd period - Mattias Janmark is hit by Erik Cernak and loses puck.
13:52 of 2nd period - Shot by Tim Stutzle.
13:52 of 2nd period - Shot Misses the Net.
13:54 of 2nd period - Shot by Rickard Rakell.
13:54 of 2nd period - Shot Misses the Net.
13:56 of 2nd period - Shot by Johnny Boychuk.
13:56 of 2nd period - Stopped by John Gibson without a rebound.
13:57 of 2nd period - Cedric Paquette wins face-off versus Jason Spezza in Blue Jackets zone.
14:07 of 2nd period - Charlie McAvoy is hit by Anthony Cirelli.
14:08 of 2nd period - Minor Penalty to Chris Kreider for Roughing.
14:09 of 2nd period - Mattias Janmark wins face-off versus Cedric Paquette in Blue Jackets zone.
15:00 of 2nd period - Shot by Tyler Johnson.
15:00 of 2nd period - Goal by Tyler Johnson - Blue Jackets : 3 - Devils : 5.
15:00 of 2nd period - Chris Driedger enters game.
15:01 of 2nd period - Chris Kreider wins face-off versus Jimmy Vesey in neutral zone.
15:12 of 2nd period - Shot by Chris Kreider.
15:12 of 2nd period - Stopped by Braden Holtby without a rebound.
15:13 of 2nd period - Ryan O'Reilly wins face-off versus Jason Spezza in Devils zone.
15:28 of 2nd period - Shot by Ryan O'Reilly.
15:28 of 2nd period - Stopped by Braden Holtby without a rebound.
15:29 of 2nd period - Nicolas Roy wins face-off versus Chris Kreider in Devils zone.
15:29 of 2nd period - Nicolas Roy is hit by Chris Kreider.
15:50 of 2nd period - Charlie McAvoy is hit by Chris Kreider and loses puck.
16:11 of 2nd period - Shot by Anthony Cirelli.
16:11 of 2nd period - Stopped by Braden Holtby without a rebound.
16:12 of 2nd period - Ryan O'Reilly wins face-off versus Jason Spezza in Devils zone.
16:19 of 2nd period - Shot by Steven Stamkos.
16:19 of 2nd period - Stopped by Braden Holtby without a rebound.
16:20 of 2nd period - Oliver Bjorkstrand wins face-off versus Jason Spezza in Devils zone.
16:30 of 2nd period - Minor Penalty to Steven Stamkos for Holding.
16:31 of 2nd period - Cedric Paquette wins face-off versus Mattias Janmark in Blue Jackets zone.
16:31 of 2nd period - Cedric Paquette is hit by Rickard Rakell.
17:01 of 2nd period - Shot by Mattias Janmark.
17:01 of 2nd period - Stopped by Chris Driedger without a rebound.
17:02 of 2nd period - Jason Spezza wins face-off versus Cedric Paquette in Blue Jackets zone.
17:10 of 2nd period - Shot by Tyler Johnson.
17:10 of 2nd period - Shot Misses the Net.
17:14 of 2nd period - Shot by Johnny Boychuk.
17:14 of 2nd period - Shot Misses the Net.
17:16 of 2nd period - Shot by Andreas Johnsson.
17:16 of 2nd period - Deflect By Jason Spezza.
17:16 of 2nd period - Shot Misses the Net.
17:40 of 2nd period - Shot by Tyler Johnson.
17:40 of 2nd period - Shot Misses the Net.
17:46 of 2nd period - Shot by Jason Spezza.
17:46 of 2nd period - Stopped by Chris Driedger without a rebound.
17:47 of 2nd period - Cedric Paquette wins face-off versus Mattias Janmark in Blue Jackets zone.
18:30 of 2nd period - Shot by Tim Stutzle.
18:30 of 2nd period - Shot Misses the Net.
19:59 of 2nd period - Oliver Bjorkstrand is hit by Charlie McAvoy and loses puck.
Goals for this period are 0 for Blue Jackets vs 1 for Devils.
Shots for this period are 10 for Blue Jackets vs 9 for Devils.

3rd period


0:01 of 3rd period - Blake Wheeler wins face-off versus Ryan O'Reilly in neutral zone.
0:13 of 3rd period - Steven Stamkos is hit by Colin Miller and loses puck.
0:23 of 3rd period - Minor Penalty to Colin Miller for Delaying the game.
0:24 of 3rd period - Anthony Cirelli wins face-off versus Nicolas Roy in Devils zone.
1:15 of 3rd period - Minor Penalty to Charlie McAvoy for Holding Stick.
1:16 of 3rd period - Nicolas Roy wins face-off versus Ryan O'Reilly in Devils zone.
1:31 of 3rd period - Shot by Steven Stamkos.
1:31 of 3rd period - Goal by Steven Stamkos - Blue Jackets : 4 - Devils : 5.
1:32 of 3rd period - Nicolas Roy wins face-off versus Ryan O'Reilly in neutral zone.
1:38 of 3rd period - Icing by Ryan O'Reilly.
1:39 of 3rd period - Ryan O'Reilly wins face-off versus Nicolas Roy in Blue Jackets zone.
1:48 of 3rd period - Shot by Chris Kreider.
1:48 of 3rd period - Stopped by Braden Holtby with a rebound.
1:50 of 3rd period - Shot by Ryan McDonagh.
1:50 of 3rd period - Deflect By Steven Stamkos.
1:50 of 3rd period - Shot Blocked by Travis Dermott.
2:12 of 3rd period - Shot by Steven Stamkos.
2:12 of 3rd period - Shot Misses the Net.
2:14 of 3rd period - Shot by Ryan McDonagh.
2:14 of 3rd period - Shot Misses the Net.
2:46 of 3rd period - Shot by Jake DeBrusk.
2:46 of 3rd period - Deflect By Oliver Bjorkstrand.
2:46 of 3rd period - Shot Misses the Net.
2:48 of 3rd period - Shot by Anthony Cirelli.
2:48 of 3rd period - Shot Misses the Net.
2:50 of 3rd period - Shot by Nikita Zaitsev.
2:50 of 3rd period - Stopped by Braden Holtby with a rebound.
2:52 of 3rd period - Shot by Mike Matheson.
2:52 of 3rd period - Stopped by Braden Holtby without a rebound.
2:53 of 3rd period - Rickard Rakell wins face-off versus Oliver Bjorkstrand in Devils zone.
3:10 of 3rd period - Colin Miller is hit by Anthony Cirelli and loses puck.
4:46 of 3rd period - Shot by Steven Lorentz.
4:46 of 3rd period - Shot Misses the Net.
5:15 of 3rd period - Off-side.
5:16 of 3rd period - Nicolas Roy wins face-off versus Ryan O'Reilly in neutral zone.
5:35 of 3rd period - Steven Stamkos is hit by Colin Miller and loses puck.
5:46 of 3rd period - Shot by Steven Stamkos.
5:46 of 3rd period - Shot Misses the Net.
6:12 of 3rd period - Oliver Bjorkstrand is hit by Juho Lammikko and loses puck.
7:38 of 3rd period - Rickard Rakell is hit by Matt Dumba and loses puck.
9:41 of 3rd period - Shot by Mattias Janmark.
9:41 of 3rd period - Shot Misses the Net.
9:43 of 3rd period - Shot by Mattias Janmark.
9:43 of 3rd period - Stopped by Chris Driedger without a rebound.
9:44 of 3rd period - Jimmy Vesey wins face-off versus Ryan O'Reilly in Blue Jackets zone.
9:59 of 3rd period - Shot by Steven Stamkos.
9:59 of 3rd period - Shot Blocked by Josh Morrissey.
10:01 of 3rd period - Shot by Nikita Zaitsev.
10:01 of 3rd period - Shot Misses the Net.
10:03 of 3rd period - Shot by Ryan O'Reilly.
10:03 of 3rd period - Stopped by Braden Holtby with a rebound.
10:05 of 3rd period - Shot by Erik Cernak.
10:05 of 3rd period - Shot Misses the Net.
10:17 of 3rd period - Shot by Oliver Bjorkstrand.
10:17 of 3rd period - Shot Blocked by Colin Miller.
12:36 of 3rd period - Shot by Ryan O'Reilly.
12:36 of 3rd period - Shot Misses the Net.
12:38 of 3rd period - Shot by Ryan McDonagh.
12:38 of 3rd period - Shot Misses the Net.
12:40 of 3rd period - Shot by Ryan O'Reilly.
12:40 of 3rd period - Stopped by Braden Holtby without a rebound.
12:41 of 3rd period - Jason Spezza wins face-off versus Steven Lorentz in Devils zone.
12:41 of 3rd period - Jason Spezza is hit by Matt Martin.
12:48 of 3rd period - Tyler Johnson is hit by David Savard and loses puck.
12:53 of 3rd period - Shot by Jason Spezza.
12:53 of 3rd period - Shot Hit the Post.
12:56 of 3rd period - Tyler Johnson is hit by David Savard and loses puck.
13:00 of 3rd period - Jason Spezza is hit by David Savard and loses puck.
13:01 of 3rd period - Minor Penalty to David Savard for Roughing.
13:02 of 3rd period - Steven Lorentz wins face-off versus Mattias Janmark in Blue Jackets zone.
13:07 of 3rd period - Shot by Tim Stutzle.
13:07 of 3rd period - Shot Hit the Post.
13:29 of 3rd period - Shot by Mattias Janmark.
13:29 of 3rd period - Shot Misses the Net.
13:31 of 3rd period - Shot by Matt Grzelcyk.
13:31 of 3rd period - Stopped by Chris Driedger without a rebound.
13:32 of 3rd period - Cedric Paquette wins face-off versus Jason Spezza in Blue Jackets zone.
13:56 of 3rd period - Icing by Tyler Johnson.
13:57 of 3rd period - Jason Spezza wins face-off versus Steven Lorentz in Devils zone.
14:05 of 3rd period - Shot by Andreas Johnsson.
14:05 of 3rd period - Shot Blocked by Matt Dumba.
14:07 of 3rd period - Shot by Charlie McAvoy.
14:07 of 3rd period - Shot Misses the Net.
14:13 of 3rd period - Shot by Josh Morrissey.
14:13 of 3rd period - Shot Misses the Net.
14:15 of 3rd period - Shot by Andreas Johnsson.
14:15 of 3rd period - Shot Misses the Net.
14:17 of 3rd period - Shot by Josh Morrissey.
14:17 of 3rd period - Shot Blocked by Matt Dumba.
14:54 of 3rd period - Mattias Janmark is hit by Artturi Lehkonen and loses puck.
15:00 of 3rd period - Matt Grzelcyk is hit by Erik Cernak and loses puck.
15:06 of 3rd period - Jimmy Vesey is hit by David Savard.
15:13 of 3rd period - Shot by Juho Lammikko.
15:13 of 3rd period - Stopped by Chris Driedger without a rebound.
15:14 of 3rd period - Nicolas Roy wins face-off versus Ryan O'Reilly in Blue Jackets zone.
15:25 of 3rd period - Shot by Mason Appleton.
15:25 of 3rd period - Stopped by Chris Driedger with a rebound.
15:38 of 3rd period - Icing by David Savard.
15:39 of 3rd period - Blake Wheeler wins face-off versus Ryan O'Reilly in Blue Jackets zone.
17:00 of 3rd period - Shot by Nicolas Roy.
17:00 of 3rd period - Stopped by Chris Driedger without a rebound.
17:01 of 3rd period - Jason Spezza wins face-off versus Artturi Lehkonen in Blue Jackets zone.
17:04 of 3rd period - Shot by Tyler Johnson.
17:04 of 3rd period - Shot Misses the Net.
17:06 of 3rd period - Shot by Tyler Johnson.
17:06 of 3rd period - Stopped by Chris Driedger without a rebound.
17:07 of 3rd period - Jason Spezza wins face-off versus Cedric Paquette in Blue Jackets zone.
17:07 of 3rd period - Andreas Johnsson is hit by Matt Dumba and loses puck.
17:23 of 3rd period - Andreas Johnsson is hit by Matt Dumba and loses puck.
17:26 of 3rd period - Shot by Tyler Johnson.
17:26 of 3rd period - Stopped by Chris Driedger without a rebound.
17:27 of 3rd period - Nicolas Roy wins face-off versus Oliver Bjorkstrand in Blue Jackets zone.
17:28 of 3rd period - Shot by Mattias Janmark.
17:28 of 3rd period - Stopped by Chris Driedger with a rebound.
17:43 of 3rd period - Icing by Mason Appleton.
17:44 of 3rd period - Nicolas Roy wins face-off versus Anthony Cirelli in Devils zone.
17:53 of 3rd period - Nicolas Roy is hit by Nikita Zaitsev and loses puck.
18:05 of 3rd period - Minor Penalty to Nikita Zaitsev for Hooking.
18:06 of 3rd period - Jason Spezza wins face-off versus Cedric Paquette in Blue Jackets zone.
18:07 of 3rd period - Shot by Charlie McAvoy.
18:07 of 3rd period - Shot Misses the Net.
18:21 of 3rd period - Shot by Josh Morrissey.
18:21 of 3rd period - Stopped by Chris Driedger without a rebound.
18:22 of 3rd period - Mattias Janmark wins face-off versus Steven Lorentz in Blue Jackets zone.
19:05 of 3rd period - Shot by Mattias Janmark.
19:05 of 3rd period - Shot Blocked by Ryan McDonagh.
19:23 of 3rd period - Shot by Josh Morrissey.
19:23 of 3rd period - Stopped by Chris Driedger without a rebound.
19:24 of 3rd period - Artturi Lehkonen wins face-off versus Andreas Johnsson in Blue Jackets zone.
19:24 of 3rd period - Artturi Lehkonen is hit by Tyler Johnson.
19:31 of 3rd period - Icing by Charlie McAvoy.
19:32 of 3rd period - Jason Spezza wins face-off versus Artturi Lehkonen in Devils zone.
19:32 of 3rd period - Jason Spezza is hit by Cedric Paquette.
Goals for this period are 1 for Blue Jackets vs 0 for Devils.
Shots for this period are 6 for Blue Jackets vs 10 for Devils.




Output by the SimonT Hockey Simulator (STHS) for Eric Henault - Original Page W3C HTML5 Valid
Hockey Simulator - Hockey Simulation - Hockey Manager